[ PARTIDA AOE2 · #495556230 ]
UnrankedArmenios vs Magyars
Equipo del jugador · VICT
Equipo rival · DERR
[ ANÁLISIS DE REPETICIÓN · EXTRAÍDO DE LA PARTIDA GRABADA ]
Feudal
8:56
Castillos
—
Imperial
—
| APM promedio | 73.1 |
| APM pico | 126 |
| eAPM promedio | 27.9 |
| Aldeanos / militares | 44 / 29 |
Foco
⚔️ 56.1% · 🌾 43.9%
Archer ×16 · Militia ×12 · Spearman ×1
Feudal
9:16
Castillos
—
Imperial
—
| APM promedio | 48.1 |
| APM pico | 78 |
| eAPM promedio | 17.5 |
| Aldeanos / militares | 42 / 18 |
Foco
⚔️ 39.4% · 🌾 60.6%
Archer ×13 · Skirmisher ×5
Mapa de la partida
Recursos iniciales + cada clic de construcción. Líneas = muros · curvas = relieve. ◆ oro · ⬟ piedra · ● bayas · ✦ reliquia · ◌ hueco del cierre
Tu base· Abierta — flanco sin cerrar
Base de toucan_i_am· Abierta — flanco sin cerrar
Terreno inicial suavizado · ◌ = hueco del cierre detectado · pasá el cursor para detalles
Inputs por minuto
— DS_Santi - - toucan_i_am
Build order — DS_Santi
122 acciones detectadas en el replay
| 0:00 | Crear | Villager (Male) |
| 0:01 | Crear | Villager (Male) |
| 0:02 | Construir | House |
| 0:02 | Construir | House |
| 0:17 | Crear | Villager (Male) |
| 0:17 | Crear | Villager (Male) |
| 1:42 | Crear | Villager (Male) |
| 1:42 | Crear | Villager (Male) |
| 1:54 | Construir | Mule Cart |
| 2:01 | Crear | Villager (Male) |
| 2:01 | Crear | Villager (Male) |
| 2:19 | Crear | Villager (Male) |
| 2:19 | Crear | Villager (Male) |
| 2:57 | Investigar | Loom |
| 2:58 | Crear | Villager (Male) |
| 3:22 | Crear | Villager (Male) |
| 3:22 | Crear | Villager (Male) |
| 3:41 | Investigar | Loom |
| 3:46 | Crear | Villager (Male) |
| 3:47 | Crear | Villager (Male) |
| 3:56 | Construir | House |
| 4:14 | Crear | Villager (Male) |
| 4:35 | Construir | Barracks |
| 5:05 | Crear | Villager (Male) |
| 5:06 | Crear | Villager (Male) |
| 5:10 | Crear | Villager (Male) |
| 5:12 | Construir | House |
| 5:23 | Crear | Villager (Male) |
| 5:40 | Investigar | Loom |
| 6:08 | Construir | Mule Cart |
| 6:26 | Construir | Mule Cart |
| 6:46 | Investigar | Feudal Age |
| 6:46 | Investigar | Feudal Age |
| 7:02 | Crear | Militia |
| 7:02 | Crear | Militia |
| 7:29 | Crear | Militia |
| 7:29 | Crear | Militia |
| 7:49 | Crear | Militia |
| 7:49 | Crear | Militia |
| 8:04 | Construir | Mill |
| 8:21 | Crear | Villager (Male) |
| 8:21 | Crear | Villager (Male) |
| 8:21 | Crear | Villager (Male) |
| 8:52 | Crear | Villager (Male) |
| 8:56 | Edad | Edad Feudal |
| 9:04 | Investigar | Man-at-Arms (upgrade) |
| 9:17 | Construir | Archery Range |
| 9:57 | Crear | Villager (Male) |
| 10:08 | Crear | Archer |
| 10:08 | Crear | Archer |
| 10:17 | Crear | Spearman |
| 10:19 | Construir | House |
| 10:19 | Construir | House |
| 10:22 | Construir | Palisade Wall |
| 10:42 | Crear | Villager (Male) |
| 11:01 | Crear | Archer |
| 11:02 | Crear | Villager (Male) |
| 11:04 | Construir | Farm |
| 11:11 | Construir | Blacksmith |
| 11:36 | Crear | Villager (Male) |
| 11:40 | Crear | Archer |
| 11:42 | Crear | Archer |
| 12:02 | Construir | Farm |
| 12:03 | Construir | Farm |
| 12:05 | Construir | Farm |
| 12:06 | Crear | Villager (Male) |
| 12:10 | Construir | Farm |
| 12:31 | Construir | Palisade Wall |
| 12:41 | Construir | Farm |
| 12:50 | Crear | Villager (Male) |
| 13:02 | Investigar | Fletching |
| 13:02 | Investigar | Fletching |
| 13:24 | Construir | Farm |
| 13:27 | Crear | Archer |
| 13:27 | Crear | Archer |
| 13:30 | Crear | Villager (Male) |
| 13:31 | Crear | Villager (Male) |
| 14:29 | Crear | Villager (Male) |
| 14:29 | Crear | Archer |
| 14:31 | Construir | Farm |
| 14:31 | Crear | Villager (Male) |
| 14:36 | Investigar | Double-Bit Axe |
| 14:36 | Investigar | Double-Bit Axe |
| 14:36 | Investigar | Double-Bit Axe |
| 14:42 | Construir | Farm |
| 14:50 | Crear | Archer |
| 14:50 | Crear | Archer |
| 14:50 | Crear | Villager (Male) |
| 15:07 | Crear | Militia |
| 15:11 | Crear | Villager (Male) |
| 15:22 | Construir | House |
| 15:37 | Crear | Militia |
| 15:46 | Crear | Villager (Male) |
| 16:00 | Crear | Archer |
| 16:00 | Crear | Archer |
| 16:11 | Crear | Villager (Male) |
| 16:54 | Crear | Villager (Male) |
| 16:54 | Crear | Archer |
| 16:56 | Crear | Militia |
| 17:12 | Crear | Villager (Male) |
| 17:17 | Construir | House |
| 17:18 | Investigar | Horse Collar |
| 17:23 | Construir | Farm |
| 17:23 | Crear | Villager (Male) |
| 17:27 | Construir | Farm |
| 17:29 | Construir | Farm |
| 17:33 | Crear | Militia |
| 17:34 | Crear | Archer |
| 17:42 | Crear | Villager (Male) |
| 17:45 | Construir | Market |
| 18:03 | Investigar | Long Swordsman (upgrade) |
| 18:19 | Crear | Archer |
| 18:20 | Crear | Militia |
| 18:21 | Crear | Militia |
| 18:25 | Crear | Villager (Male) |
| 18:30 | Construir | House |
| 18:31 | Construir | House |
| 18:31 | Construir | House |
| 18:31 | Construir | House |
| 18:33 | Construir | House |
| 18:35 | Crear | Villager (Male) |
| 18:41 | Crear | Archer |
Build order — toucan_i_am
106 acciones detectadas en el replay
| 0:00 | Crear | Villager (Male) |
| 0:00 | Crear | Villager (Male) |
| 0:00 | Crear | Villager (Male) |
| 0:01 | Crear | Villager (Male) |
| 0:02 | Construir | House |
| 0:03 | Construir | House |
| 1:25 | Crear | Villager (Male) |
| 1:54 | Construir | Lumber Camp |
| 1:58 | Crear | Villager (Male) |
| 1:58 | Crear | Villager (Male) |
| 2:20 | Crear | Villager (Male) |
| 2:20 | Crear | Villager (Male) |
| 2:49 | Crear | Villager (Male) |
| 3:07 | Construir | House |
| 3:08 | Construir | House |
| 3:21 | Crear | Villager (Male) |
| 3:21 | Crear | Villager (Male) |
| 3:41 | Crear | Villager (Male) |
| 3:57 | Crear | Villager (Male) |
| 4:12 | Construir | Mill |
| 4:32 | Crear | Villager (Male) |
| 4:52 | Crear | Villager (Male) |
| 5:08 | Crear | Villager (Male) |
| 5:39 | Crear | Villager (Male) |
| 5:51 | Crear | Villager (Male) |
| 6:23 | Investigar | Loom |
| 7:02 | Investigar | Feudal Age |
| 7:18 | Construir | Lumber Camp |
| 7:34 | Construir | Mining Camp |
| 7:46 | Construir | Palisade Wall |
| 8:05 | Construir | Palisade Wall |
| 8:07 | Crear | Villager (Male) |
| 9:12 | Construir | Barracks |
| 9:16 | Edad | Edad Feudal |
| 9:18 | Crear | Villager (Male) |
| 9:21 | Investigar | Double-Bit Axe |
| 9:42 | Construir | Palisade Wall |
| 9:44 | Construir | Palisade Wall |
| 9:46 | Construir | Palisade Wall |
| 10:07 | Crear | Villager (Male) |
| 10:10 | Crear | Villager (Male) |
| 10:12 | Construir | House |
| 10:14 | Construir | House |
| 10:15 | Crear | Villager (Male) |
| 10:31 | Construir | Palisade Wall |
| 10:47 | Crear | Villager (Male) |
| 10:52 | Construir | Archery Range |
| 11:02 | Crear | Villager (Male) |
| 11:19 | Construir | Farm |
| 11:21 | Crear | Villager (Male) |
| 11:32 | Construir | Farm |
| 11:36 | Crear | Archer |
| 11:38 | Crear | Villager (Male) |
| 11:46 | Crear | Archer |
| 12:00 | Construir | Farm |
| 12:12 | Construir | Farm |
| 12:17 | Crear | Archer |
| 12:41 | Crear | Villager (Male) |
| 12:41 | Crear | Archer |
| 12:56 | Crear | Villager (Male) |
| 12:57 | Crear | Archer |
| 13:04 | Construir | Farm |
| 13:06 | Investigar | Horse Collar |
| 13:28 | Construir | Farm |
| 13:30 | Crear | Villager (Male) |
| 13:31 | Crear | Archer |
| 13:41 | Crear | Skirmisher |
| 13:42 | Crear | Skirmisher |
| 13:45 | Construir | Watch Tower |
| 13:59 | Construir | Farm |
| 14:12 | Crear | Villager (Male) |
| 14:12 | Crear | Skirmisher |
| 14:32 | Crear | Archer |
| 14:33 | Crear | Villager (Male) |
| 14:35 | Crear | Skirmisher |
| 14:59 | Crear | Villager (Male) |
| 15:05 | Construir | House |
| 15:22 | Crear | Villager (Male) |
| 15:39 | Construir | Blacksmith |
| 15:43 | Investigar | Wheelbarrow |
| 16:00 | Crear | Archer |
| 16:05 | Construir | House |
| 16:27 | Construir | Farm |
| 16:42 | Crear | Villager (Male) |
| 16:52 | Crear | Villager (Male) |
| 16:59 | Investigar | Fletching |
| 17:16 | Crear | Skirmisher |
| 17:20 | Construir | Farm |
| 17:20 | Construir | Farm |
| 17:23 | Construir | Market |
| 17:29 | Construir | House |
| 17:39 | Crear | Villager (Male) |
| 18:04 | Crear | Archer |
| 18:05 | Crear | Villager (Male) |
| 18:20 | Construir | House |
| 18:25 | Construir | House |
| 18:27 | Crear | Archer |
| 18:29 | Crear | Villager (Male) |
| 18:32 | Construir | Farm |
| 18:43 | Construir | House |
| 18:56 | Construir | House |
| 19:01 | Crear | Archer |
| 19:04 | Crear | Villager (Male) |
| 19:04 | Crear | Archer |
| 19:05 | Crear | Archer |
| 19:05 | Crear | Villager (Male) |
Cronología de la partida
| 4:35 | DS_Santi · first_building Barracks |
| 7:46 | toucan_i_am · wall_segment Palisade Wall x15 |
| 8:05 | toucan_i_am · wall_segment Palisade Wall x12 |
| 8:56 | DS_Santi · age_up feudal |
| 9:12 | toucan_i_am · first_building Barracks |
| 9:16 | toucan_i_am · age_up feudal |
| 9:17 | DS_Santi · first_building Archery Range |
| 9:42 | toucan_i_am · wall_segment Palisade Wall x1 |
| 9:44 | toucan_i_am · wall_segment Palisade Wall x1 |
| 9:46 | toucan_i_am · wall_segment Palisade Wall x1 |
| 10:22 | DS_Santi · wall_segment Palisade Wall x6 |
| 10:31 | toucan_i_am · wall_segment Palisade Wall x1 |
| 10:52 | toucan_i_am · first_building Archery Range |
| 12:31 | DS_Santi · wall_segment Palisade Wall x1 |
| 18:38 | toucan_i_am · first_market_buy 100 food |
| 19:11 | toucan_i_am · resign |
[ ANÁLISIS IA · 1 CRÉDITO ]
¿Qué pasó realmente en esta partida?
Wolo.gg analiza cada decisión: build order, eco, micro, errores típicos por bracket. Análisis personalizado por WhatsApp o Discord en 30 segundos.
Guía civ
Armenios
Perfil
Jugador #24973127